 Dungeon Crawl Stone Soup version 0.27-a0-1502-g47ed6a6988 (webtiles) character file.

Game seed: 3015372249931460600

77 garrulousMonolith the Poker (level 4, -2/34 HPs)
             Began as a Demonspawn Gladiator on July 8, 2021.
             Slain by a scorpion (7 damage)
             ... on level 2 of the Dungeon.
             The game lasted 00:01:41 (1748 turns).

garrulousMonolith the Poker (Demonspawn Gladiator)  Turns: 1748, Time: 00:01:42

Health: -2/34      AC:  8    Str: 12 (15) XL:     4   Next: 14%
Magic:  4/4        EV:  5    Int:  7 (10) God:
Gold:   62         SH:  0    Dex: 12 (14) Spells: 3/3 levels left

rFire    . . .     SeeInvis .   a - +0 trident
rCold    . . .     Faith    .   (no shield)
rNeg     . . .     Spirit   .   m - +0 chain mail
rPois    .         Reflect  .   (helmet restricted)
rElec    .         Harm     .   (no cloak)
rCorr    .         Rampage  .   (no gloves)
Will     .....                  (no boots)
Stlth    ..........             (no amulet)
HPRegen  0.11/turn              (no ring)
MPRegen  0.18/turn              (no ring)

@: lethally poisoned (-2 -> -9)
A: horns 1, magic regeneration
a: no special abilities


You were on level 2 of the Dungeon.
You visited 1 branch of the dungeon, and saw 2 of its levels.

You collected 62 gold pieces.

Inventory:

Hand Weapons
 a - a +0 trident (weapon)
Missiles
 d - 3 throwing nets (quivered)
 e - 16 poisoned darts
Armour
 b - a +0 leather armour
 c - a +0 helmet
 m - a +0 chain mail (worn)
Jewellery
 o - a ring of ice
Scrolls
 h - a scroll of magic mapping {unknown}
 j - a scroll of fear {unknown}
 k - 2 scrolls of identify {unknown}
 l - a scroll of enchant armour {unknown}
 n - a scroll of amnesia {unknown}
Potions
 i - a potion of cancellation {unknown}


   Skills:
 + Level 2.7 Fighting
 * Level 3.7 Polearms
 - Level 2.0 Throwing
 + Level 3.2 Dodging


You had 3 spell levels left.
You didn't know any spells.
Your spell library was empty.

Dungeon Overview and Level Annotations

Branches:
Dungeon (2/15)

Altars:


Innate Abilities, Weirdness & Mutations

You have a pair of small horns on your head.
You regenerate magic rapidly.


Message History

You feel very sick. The jackal barely misses you.
The jackal bites you but does no damage. x2
You feel sick.
You feel sick.
You feel sick.
You feel sick.
You feel sick. The jackal barely misses you.
You see here 23 stones.
You puncture the jackal!
You kill the jackal!
You feel sick.
You hit the jackal. You headbutt the jackal.
You kill the jackal!
You feel sick.
You are no longer poisoned.
You barely miss the scorpion.
The scorpion is moderately wounded.
The scorpion barely misses you.
You completely miss the scorpion. You headbutt the scorpion.
The scorpion is moderately wounded.
The scorpion stings you.
You are lethally poisoned!
The scorpion poisons you!
The scorpion stings you but does no damage.
You hit the scorpion.
The scorpion is heavily wounded.
* * * LOW HITPOINT WARNING * * *
You feel very sick. The scorpion closely misses you.
It was a potion of degeneration.
There was something very wrong with that liquid.
You feel weakened.
You feel dopey.
You feel clumsy.
* * * LOW HITPOINT WARNING * * *
You feel sick.
The scorpion stings you but does no damage.
It was a potion of magic.
Magic courses through your body.
* * * LOW HITPOINT WARNING * * *
You feel sick. The scorpion stings you!
You die...

.. .####.### #........#
....8......... ...
...8.8.......#####. #...
..8._[8.......##... #.<..
...8.8........##.#######.....
....8........................
..............##@# #....#
..............##s#####....###
..............[.w....w.......
.............#.............##
.>..........#..#.####..#.#$.#
###..............# #...#.# >
#.#..#......#...##..##.# #
#.#....#......#.....##.# #
#.#......####.#......).##


You could see a worm and a scorpion.

Vanquished Creatures
  Jessica (D:2)
  An ufetubus (D:1)
  A dart slug (D:1)
  3 bats (D:1)
  6 endoplasms
  2 giant cockroaches (D:2)
  2 goblins (D:1)
  2 hobgoblins (D:1)
  4 jackals (D:2)
  2 quokkas
  6 ball pythons
  2 frilled lizards
  5 kobolds
  2 rats (D:1)
39 creatures vanquished.

Notes
Turn   | Place    | Note
-------+----------+-------------------------------------------
     0 | D:1      | garrulousMonolith the Demonspawn Gladiator began the quest
                  | for the Orb.
     0 | D:1      | Reached XP level 1. HP: 16/16 MP: 1/1
   191 | D:1      | Gained mutation: You have a pair of small horns on your
                  | head. [demonic ancestry]
   191 | D:1      | Reached XP level 2. HP: 17/22 MP: 2/2
   260 | D:1      | You fall into a shaft and drop 1 floor!
   299 | D:2      | Noticed Jessica
  1001 | D:1      | Reached XP level 3. HP: 27/28 MP: 3/3
  1486 | D:2      | Killed Jessica
  1687 | D:2      | Gained mutation: You regenerate magic rapidly. [demonic
                  | ancestry]
  1687 | D:2      | Reached XP level 4. HP: 34/34 MP: 4/4
  1690 | D:2      | Found a faded altar of an unknown god.
  1728 | D:2      | Noticed a scorpion
  1748 | D:2      | Slain by a scorpion

Illustrated notes

Levels and vault maps discovered:
D:1:      sevenhm_arrival_forest_fort_large_4, layout_basic, minmay_heptomino_o4
D:2:      layout_rooms, chequers_ecumenical_altar_simple_redux, uniq_jessica

Skill      XL: |  1  2 |
---------------+-------+-----
Throwing       | 2 |  2.0
Polearms       | 3 |  3.7
Dodging        | 3 |  3.2
Fighting       | |  2.7

Action                   |  1- 3 |  4- 6 || total
-------------------------+-------+-------++-------
Melee: Trident           |    98 |    17 ||   115
       Headbutt          |     8 |     2 ||    10
  Use: Potion            |       |     2 ||     2
Armor: Leather armour    |    22 |       ||    22
       Chain mail        |    10 |    19 ||    29
Dodge: Dodged            |    75 |    12 ||    87

Table legend: (Time is in decaauts)
 A = Elapsed time spent in this place.
 B = Non-inter-level travel time spent in this place.
 C = Inter-level travel time spent in this place.
 D = Time resting spent in this place.
 E = Time spent auto-exploring this place.
 F = Levels seen in this place.
 G = Mean time per level.
                   A        B        C        D        E       F      G
               +--------+--------+--------+--------+--------+-----+--------+
         Total |   1770 |   1673 |     97 |    439 |    988 |   2 |  885.0 |
       Dungeon |   1770 |   1673 |     97 |    439 |    988 |   2 |  885.0 |
               +--------+--------+--------+--------+--------+-----+--------+

Top non-repeatable levels by time:
     D:1: 1444 daAuts
     D:2: 326 daAuts
